 Dungeon Crawl Stone Soup version 0.29-a0-338-g1ff7896281 (webtiles) character file.

Game seed: 10304963761542046831

777 HendSelp the Cutter (level 7, -6/73 HPs)
             Began as an Octopode Fighter on Apr 18, 2022.
             Killed from afar by Ijyb (12 damage)
             ... with a bolt of acid
             ... on level 5 of the Dungeon.
             The game lasted 00:04:36 (5040 turns).

HendSelp the Cutter (Octopode Fighter)              Turns: 5040, Time: 00:04:37

Health: -6/73      AC:  5    Str: 15    XL:     7   Next: 84%
Magic:  7/7        EV: 14    Int: 11    God:
Gold:   152        SH:  5    Dex: 13    Spells: 6/6 levels left

rFire   + . .      SeeInvis .   a - +0 rapier
rCold   + . .      Faith    .   b - +0 buckler
rNeg    . . .      Spirit   .   (helmet restricted)
rPois   +          Reflect  .   (no amulet)
rElec   +          Harm     .   f - +4 ring of protection
rCorr   +          Rampage  .   g - ring of poison resistance
Will    .....                   (no ring)
Stlth   ..........              (no ring)
HPRegen 0.22/turn               (no ring)
MPRegen 0.10/turn               (no ring)
                                (no ring)
                                (no ring)

@: berserking, resistant, very quick
A: almost no armour, amphibious, 8 rings, camouflage 1, gelatinous body 1,
(nimble swimmer 1), tentacles
a: no special abilities


You were on level 5 of the Dungeon.
You visited 1 branch of the dungeon, and saw 5 of its levels.

You collected 152 gold pieces.

Inventory:

Hand Weapons
 a - a +0 rapier (weapon)
Armour
 b - a +0 buckler (worn)
 h - a +1 tower shield
 l - a +0 kite shield
Jewellery
 f - a +4 ring of protection (left tentacle)
 g - a ring of poison resistance (right tentacle)
Scrolls
 c - a scroll of brand weapon {unknown}
 i - 2 scrolls of immolation
 n - a scroll of magic mapping {unknown}
Potions
 q - 2 potions of mutation
 s - a potion of flight


   Skills:
 + Level 4.9 Fighting
 + Level 5.7 Short Blades
 + Level 5.1 Dodging
 + Level 4.2 Shields


You had 6 spell levels left.
You didn't know any spells.
Your spell library contained the following spells:

 Spells                   Type           Power      Damage    Failure   Level
 Conjure Flame            Conj/Fire      0%         6-21      80%         3
 Frozen Ramparts          Ice            0%         1d2       80%         3
 Ignite Poison            Fire/Tmut/Pois 0%         N/A       80%         3
 Ice Form                 Ice/Tmut       0%         N/A       99%         4
 Sticky Flame             Conj/Fire      0%         2d3       99%         4
 Summon Ice Beast         Ice/Summ       0%         N/A       99%         4
 Blade Hands              Tmut           0%         N/A       100%        5
 Iron Shot                Conj/Erth      0%         9d1       100%        6
 Animate Armour           Summ/Erth      Unusable   N/A       N/A         4

Dungeon Overview and Level Annotations

Branches:
Dungeon (5/15)
 Temple: D:4-7

Altars:
Makhleb
Ru
Sif Muna
Vehumet
Wu Jian

Shops:
D:2 !   D:3 (

Annotations:
D:5 Ijyb


Innate Abilities, Weirdness & Mutations

You cannot wear most types of armour.
You are amphibious.
You can wear up to eight rings at the same time.
Your skin changes colour to match your surroundings (Stealth+).
Your rubbery body absorbs attacks. (AC +1, EV +1)
((You are camouflaged when in or above water. (Stealth+)))
You have tentacles for arms and can constrict up to eight enemies at once.


Message History

You hit the scorpion.
The scorpion is heavily wounded.
You constrict the scorpion, but do no damage.
You block the scorpion's attack.
Unknown command.
You puncture the scorpion!
The scorpion is almost dead.
You constrict the scorpion. The scorpion stings you.
* * * LOW HITPOINT WARNING * * *
You hit the scorpion but do no damage.
The scorpion is almost dead.
You constrict the scorpion.
You kill the scorpion!
Your Dodging skill increases to level 5!
Unknown command.
You hit the hound. Your grab misses the hound. You squeeze the hound.
The hound is heavily wounded.
The hound completely misses you. The hound bites you.
* * * LOW HITPOINT WARNING * * *
You puncture the hound! You grab the hound.
The hound is almost dead.
You constrict the hound.
You kill the hound!
You start resting.
Ijyb is nearby!
As you read the scroll of identify, it crumbles to dust.
q - 2 potions of mutation
As you read the scroll of identify, it crumbles to dust.
s - a potion of flight You feel protected.
Unknown command.
A red film seems to cover your vision as you go berserk!
You feel yourself moving faster!
You feel mighty!
Ijyb zaps a wand.
The bolt of acid hits you! You resist.
* * * LOW HITPOINT WARNING * * *
Found an escape hatch in the ceiling.
You feel a strong urge to attack something.
The orc shouts!
Ijyb zaps a wand.
The bolt of acid hits you! You resist.
You die...

###########
#.........####
#.........†..#
##.........##.#
#..........##.###
...$........#...#
..............@.#
.............g..+
................#
.$..............#
................#
.......o....#....
#..........#####.
###...##.### <.
#..........


You could see Ijyb and an orc.

Vanquished Creatures
  An orc warrior (D:4)
  An ogre (D:4)
  2 necrophages
  2 scorpions
  A jelly (D:4)
  Crazy Yiuf (D:2)
  A hound (D:5)
  An iguana (D:4)
  3 orc wizards
  A hound skeleton (D:4)
  4 adders
  2 worms (D:2)
  4 dart slugs
  11 orcs
  7 endoplasms
  2 giant cockroaches (D:2)
  5 goblins
  7 hobgoblins
  16 jackals
  3 quokkas
  13 ball pythons
  4 bats
  4 frilled lizards
  6 kobolds
  4 rats
106 creatures vanquished.

Notes
Turn   | Place    | Note
-------+----------+-------------------------------------------
     0 | D:1      | HendSelp the Octopode Fighter began the quest for the Orb.
     0 | D:1      | Reached XP level 1. HP: 16/16 MP: 1/1
     6 | D:1      | Noticed a lindwurm
     6 | D:1      | Noticed a black bear
     6 | D:1      | Noticed a water moccasin
   336 | D:1      | Reached XP level 2. HP: 9/21 MP: 2/2
   659 | D:1      | Reached XP level 3. HP: 10/26 MP: 3/3
  1167 | D:2      | Noticed a necrophage
  1185 | D:2      | Killed a necrophage
  1186 | D:2      | Reached XP level 4. HP: 8/33 MP: 4/4
  1510 | D:2      | Found a faded altar of an unknown god.
  1646 | D:2      | Found Hapuen's Distillery.
  1656 | D:2      | Reached XP level 5. HP: 33/37 MP: 5/5
  1780 | D:2      | Found a sacrificial altar of Ru.
  1811 | D:2      | Found a runed translucent door.
  1812 | D:2      | Noticed Crazy Yiuf
  2127 | D:2      | Killed Crazy Yiuf
  2760 | D:3      | Found Hoottoqa's Weapon Boutique.
  2776 | D:3      | Reached XP level 6. HP: 41/43 MP: 6/6
  2875 | D:3      | Found an ornate altar of the Wu Jian Council.
  3915 | D:4      | Noticed an orc warrior
  4154 | D:4      | Found a shimmering blue altar of Sif Muna.
  4247 | D:4      | Found a radiant altar of Vehumet.
  4357 | D:4      | Reached XP level 7. HP: 25/49 MP: 7/7
  4401 | D:4      | Reached skill level 5 in Short Blades
  4933 | D:4      | Found a burning altar of Makhleb.
  5004 | D:5      | Entered Level 5 of the Dungeon
  5004 | D:5      | Noticed Ijyb
  5025 | D:5      | Reached skill level 5 in Dodging
  5040 | D:5      | Killed from afar by Ijyb

Illustrated notes

Levels and vault maps discovered:
D:1:      onia_arrival_zoo_common, layout_rooms
D:2:      layout_loops_cross, basic_altar, nicolae_ecumenical_lake_church,
          serial_shops, shop, uniq_crazy_yiuf_cottage
D:3:      layout_basic, mainiacjoe_overflow_24_doors, serial_co_window_serial,
          co_window_corner_a, co_window_of_opportunity_a,
          co_window_of_opportunity_a, co_window_corner_a, co_window_corner_a,
          co_window_paths_a, co_window_2corner, co_window_2corner,
          co_window_broadway_b, glass_columns_a, glass_columns_a,
          glass_columns_a, glass_columns_a, glass_columns_b, serial_shops,
          nicolae_shop_bloodbath_and_beyond
D:4:      layout_basic, makhleb_blood_cavern_becter, lemuel_tele_altar,
          serial_co_window_serial, co_window_of_opportunity_a,
          co_window_paths_a, co_window_paths_a, co_window_paths_a,
          co_window_corner_a, co_window_broadway_a, co_window_2corner,
          co_window_of_opportunity_c, co_window_2corner, glass_columns_b,
          glass_columns_a, glass_columns_b, minmay_ruined_shrine
D:5:      layout_rooms, fedhas_ov_isle_minmay, nicolae_vehumet_altar_sigil,
          uniq_sigmund, uniq_ijyb

Skill      XL: |  1  2  3  4  5  6  7 |
---------------+----------------------+-----
Fighting       | 4 |  4.9
Short Blades   | 3 4 5 |  5.7
Dodging        | 4 5 |  5.1
Shields        | 4 |  4.2

Action                   |  1- 3 |  4- 6 |  7- 9 || total
-------------------------+-------+-------+-------++-------
Melee: Rapier            |    49 |   161 |    38 ||   248
       Constrict         |    15 |    38 |     4 ||    57
       Tentacles         |     9 |    32 |     7 ||    48
       Punch             |     1 |     3 |     1 ||     5
Evoke: Wand              |       |     2 |       ||     2
  Use: Scroll            |     3 |     8 |     3 ||    14
       Potion            |       |     3 |     8 ||    11
 Stab: Sleeping          |     1 |    12 |       ||    13
       Paralysed         |       |     2 |       ||     2
Armor: Skin              |    11 |    59 |    21 ||    91
Dodge: Dodged            |    35 |    79 |    15 ||   129
Block: Buckler           |    15 |    31 |     2 ||    48

Table legend: (Time is in decaauts)
 A = Elapsed time spent in this place.
 B = Non-inter-level travel time spent in this place.
 C = Inter-level travel time spent in this place.
 D = Time resting spent in this place.
 E = Time spent auto-exploring this place.
 F = Levels seen in this place.
 G = Mean time per level.
                   A        B        C        D        E       F      G
               +--------+--------+--------+--------+--------+-----+--------+
         Total |   5063 |   4972 |     91 |    472 |   3711 |   5 | 1012.6 |
       Dungeon |   5063 |   4972 |     91 |    472 |   3711 |   5 | 1012.6 |
               +--------+--------+--------+--------+--------+-----+--------+

Top non-repeatable levels by time:
     D:2: 1522 daAuts
     D:4: 1293 daAuts
     D:1: 1139 daAuts
     D:3: 1072 daAuts
     D:5: 35 daAuts
